 Dungeon Crawl Stone Soup version 0.29-a0-878-g7b45a56547 (webtiles) character file.

Game seed: 9744174315219458173

520 Locuples the Sneak (level 7, -1/50 HPs)
             Began as a Demonspawn Brigand on July 20, 2022.
             Succumbed to a scorpion's poison
             ... on level 5 of the Dungeon.
             The game lasted 00:09:38 (4765 turns).

Locuples the Sneak (Demonspawn Brigand)             Turns: 4765, Time: 00:09:39

Health: -1/50      AC:  3    Str: 16    XL:     7   Next: 1%
Magic:  6/7        EV: 11    Int: 11    God:
Gold:   5          SH:  0    Dex: 15    Spells: 6/6 levels left

rFire   + . .      SeeInvis .   k - +7 dagger "Nassyjosm" {drain, +Blink rF+ rC+ Will+}
rCold   + . .      Faith    .   (no shield)
rNeg    . . .      Spirit   .   b - +0 robe
rPois   .          Reflect  .   (helmet restricted)
rElec   .          Harm     .   c - +0 cloak
rCorr   .          Rampage  .   (no gloves)
Will    +....                   (no boots)
Stlth   +++.......              (no amulet)
HPRegen 0.16/turn               (no ring)
MPRegen 0.10/turn               (no ring)

@: lethally poisoned (-1 -> -20), on blink cooldown
A: antennae 2, demonic guardian 1, strong 1
a: Evoke Blink


You were on level 5 of the Dungeon.
You visited 1 branch of the dungeon, and saw 5 of its levels.

You collected 159 gold pieces.
You spent 154 gold pieces at shops.

Inventory:

Hand Weapons
 a - a +2 dagger
 k - the +7 dagger "Nassyjosm" (weapon) {drain, +Blink rF+ rC+ Will+}
   (You bought it in a shop on level 3 of the Dungeon)

   A truly terrible weapon, it drains the life of any living foe it strikes.
   rF:        It protects you from fire.
   rC:        It protects you from cold.
   +Blink:    It lets you blink.
   Will:      It increases your willpower.
Missiles
 d - 9 poisoned darts (quivered)
 e - 3 curare-tipped darts
Armour
 b - a +0 robe (worn)
 c - a +0 cloak (worn)
Jewellery
 i - a ring of protection from fire
Scrolls
 f - 3 scrolls of identify {unknown}
 g - a scroll of teleportation {unknown}
 h - a scroll of amnesia {unknown}
Potions
 j - a potion of attraction
 l - a potion of brilliance {unknown}


   Skills:
 - Level 2.0 Fighting
 * Level 4.6 Short Blades
 - Level 1.7 Throwing
 - Level 0.8 Dodging
 + Level 6.7 Stealth


You had 6 spell levels left.
You didn't know any spells.
Your spell library contained the following spells:

 Spells                   Type           Power      Damage    Failure   Level
 Magic Dart               Conj           0%         1d3       34%         1
 Searing Ray              Conj           0%         2d4       47%         2
 Static Discharge         Conj/Air       0%         3-3/arc   47%         2
 Ozocubu's Armour         Ice            0%         N/A       71%         3
 Dispel Undead            Necr           0%         3d6       98%         4
 Fulminant Prism          Conj/Hex       0%         3d6       98%         4
 Sticky Flame             Conj/Fire      0%         2d3       98%         4
 Metabolic Englaciation   Hex/Ice        0%         N/A       100%        5
 Simulacrum               Ice/Necr       0%         N/A       100%        6


Dungeon Overview and Level Annotations

Branches:
Dungeon (5/15)
 Temple: D:4-7

Altars:

Shops:
D:3 (   D:4 **


Innate Abilities, Weirdness & Mutations

You have a pair of antennae on your head.
A weak demonic guardian rushes to your aid.
Your muscles are strong. (Str +4, Int/Dex -1)


Message History

An orc comes into view. It is wielding a +0 hand axe.
The orc shouts!
You hear a shout!
There is a stone staircase leading up here.
The orc hits you with a +0 dagger.
The orc shouts! x2
You puncture the orc!
You kill the orc!
A scorpion comes into view.
The orc priest barely misses you.
You hit the orc priest.
The orc priest is lightly wounded.
You hit the orc priest. You drain the orc priest.
The orc priest is moderately wounded.
The orc priest hits you with a +0 dagger.
The orc hits you with a +0 hand axe.
You closely miss the orc. The orc hits you with a +0 morningstar!
The orc priest hits you but does no damage.
The orc hits you but does no damage. The orc attacks as you move away!
The orc barely misses you. The orc hits you with a +0 morningstar!
The orc priest looks encouraged for a moment.
Okay, then.
You blink.
Found a granite ring.
The orc priest calls down the wrath of Beogh upon you.
Beogh smites you!
* * * LOW HITPOINT WARNING * * *
You hit the scorpion but do no damage.
The scorpion stings you but does no damage.
The scorpion stings you.
* * * LOW HITPOINT WARNING * * *
A demonic guardian appears!
You are lethally poisoned!
The scorpion poisons you! The scorpion attacks as you move away!
The scorpion stings you.
* * * LOW HITPOINT WARNING * * *
You are more poisoned.
The scorpion poisons you!
* * * LOW HITPOINT WARNING * * *
You feel very sick.
You die...

.#.# ..# #..## #.#
..#.##.# #...## #.#
..##...###....####..#
#..#...##...........#
#...........{{o.....##
#..#..#.<.o..##......#
.....#...##).###s5##..#
...##..#.###...#..# ...
#........# '''#@.# .
##......## ...#..#
#.......# ♣.♣#=...
)....##..# .♣#...##
.....###...# .♣##.##
..##.# #..# .# ..##...
#.# .# ..###..# .# ..
..# ### #


You could see a scorpion (ally target) and a friendly quasit (summoned).

Vanquished Creatures
  A phantom (D:4)
  A scorpion (D:5)
  A necrophage (D:4)
  A jelly (D:5)
  2 hounds (D:4)
  An orc priest (D:5)
  2 orc wizards
  A gnoll (D:3)
  4 adders
  2 ufetubi (D:4)
  2 dart slugs
  7 orcs
  9 ball pythons
  3 bats (D:1)
  3 endoplasms
  A giant cockroach (D:1)
  3 goblins
  9 hobgoblins
  2 kobolds
  2 quokkas
  7 frilled lizards
  9 rats
73 creatures vanquished.

Vanquished Creatures (collateral kills)
  2 gnolls (D:3)
  An orc (D:4)
  3 goblins
  2 hobgoblins
8 creatures vanquished.

Grand Total: 81 creatures vanquished

Notes
Turn   | Place    | Note
-------+----------+-------------------------------------------
     0 | D:1      | Locuples the Demonspawn Brigand began the quest for the
                  | Orb.
     0 | D:1      | Reached XP level 1. HP: 16/16 MP: 1/1
   152 | D:1      | Reached skill level 4 in Stealth
   160 | D:1      | Gained mutation: A weak demonic guardian rushes to your
                  | aid. [demonic ancestry]
   160 | D:1      | Reached XP level 2. HP: 16/22 MP: 2/2
   894 | D:1      | Reached XP level 3. HP: 23/27 MP: 3/3
  2107 | D:3      | Found Jiwerem's Antique Weapon Boutique.
  2133 | D:3      | Reached skill level 5 in Stealth
  2201 | D:3      | Gained mutation: You have a pair of small antennae on your
                  | head. [demonic ancestry]
  2201 | D:3      | Reached XP level 4. HP: 33/33 MP: 4/4
  2632 | D:4      | Noticed a phantom
  2659 | D:4      | HP: 1/33 [phantom (6)]
  2678 | D:4      | Gained mutation: You are clumsy. (Dex -2) [potion of
                  | mutation]
  2678 | D:4      | Gained mutation: Your spells are a little harder to cast,
                  | but a little more powerful. [potion of mutation]
  2682 | D:4      | Lost mutation: Your spells are a little harder to cast, but
                  | a little more powerful. [potion of mutation]
  2682 | D:4      | Lost mutation: You are clumsy. (Dex -2) [potion of
                  | mutation]
  2682 | D:4      | Gained mutation: Your magical capacity is low. (-10% MP)
                  | [potion of mutation]
  2682 | D:4      | Gained mutation: Your flesh is heat resistant. (rF+)
                  | [potion of mutation]
  2687 | D:4      | Killed a phantom
  2688 | D:4      | Reached XP level 5. HP: 23/38 MP: 4/4
  2844 | D:4      | Found Qekloxko's Mayhem Merchandise.
  2885 | D:4      | Reached skill level 6 in Stealth
  2885 | D:4      | Reached XP level 6. HP: 18/44 MP: 5/5
  3995 | D:4      | Found Tymiti's Serpentskin Sales.
  4235 | D:4      | Lost mutation: Your flesh is heat resistant. (rF+) [potion
                  | of mutation]
  4235 | D:4      | Lost mutation: Your magical capacity is low. (-10% MP)
                  | [potion of mutation]
  4235 | D:4      | Gained mutation: Your muscles are strong. (Str +4, Int/Dex
                  | -1) [potion of mutation]
  4339 | D:3      | Bought a slimy dagger for 154 gold pieces
  4339 | D:3      | Identified the +7 dagger "Nassyjosm" {drain, +Blink rF+ rC+
                  | Will+} (You bought it in a shop on level 3 of the Dungeon)
  4367 | D:5      | Entered Level 5 of the Dungeon
  4672 | D:5      | Gained mutation: You have a pair of antennae on your head.
                  | [demonic ancestry]
  4672 | D:5      | Reached XP level 7. HP: 45/50 MP: 7/7
  4765 | D:5      | Succumbed to a scorpion's poison

Illustrated notes

Levels and vault maps discovered:
D:1:      lemuel_arrival_hallway, layout_basic
D:2:      layout_basic, minmay_rat_hole, uniq_terence
D:3:      layout_basic, serial_shops, shop
D:4:      layout_cave_pools, minmay_shop_mayhem, guppyfry_shop_venom
D:5:      layout_layer_cave, nicolae_tso_swordbearing_angel, minmay_door_square,
          kennysheep_cross_bottleneck, kennysheep_small_spiral,
          grunt_ministairs_13

Skill      XL: |  1  2  3  4  5  6 |
---------------+-------------------+-----
Stealth        | 4 5 6 |  6.7
Short Blades   | 2 3 4 |  4.6
Fighting       | |  2.0
Throwing       | |  1.7
Dodging        | |  0.8

Action                   |  1- 3 |  4- 6 |  7- 9 || total
-------------------------+-------+-------+-------++-------
Melee: Dagger            |   122 |   161 |     5 ||   288
       Punch             |       |     5 |       ||     5
 Abil: Evoke Blink       |       |     1 |     1 ||     2
  Use: Potion            |       |     7 |       ||     7
 Stab: Sleeping          |    13 |    10 |       ||    23
       Invisible         |       |     1 |       ||     1
Armor: Robe              |    40 |    27 |     3 ||    70
Dodge: Dodged            |    56 |    89 |     2 ||   147

Table legend: (Time is in decaauts)
 A = Elapsed time spent in this place.
 B = Non-inter-level travel time spent in this place.
 C = Inter-level travel time spent in this place.
 D = Time resting spent in this place.
 E = Time spent auto-exploring this place.
 F = Levels seen in this place.
 G = Mean time per level.
                   A        B        C        D        E       F      G
               +--------+--------+--------+--------+--------+-----+--------+
         Total |   4726 |   4726 |      0 |   1670 |   1860 |   5 |  945.2 |
       Dungeon |   4726 |   4726 |      0 |   1670 |   1860 |   5 |  945.2 |
               +--------+--------+--------+--------+--------+-----+--------+

Top non-repeatable levels by time:
     D:3: 2076 daAuts
     D:4: 1099 daAuts
     D:1: 991 daAuts
     D:5: 372 daAuts
     D:2: 185 daAuts
